 Dungeon Crawl Stone Soup version 0.24.0-123-gd5b16e6ec5 (webtiles) character file.

Game seed: 6255696809399884068, levelgen mode: deterministic

2345 hazymike the Chiller (level 9, -3/71 HPs)
             Began as a Demigod Ice Elementalist on Feb 4, 2020.
             Shot with a bolt by an orc warrior (27 damage)
             ... in a bailey.
             The game lasted 00:59:45 (9215 turns).

hazymike the Chiller (Demigod Ice Elementalist)     Turns: 9215, Time: 00:59:45

Health: -3/71      AC:  6    Str: 11    XL:     9   Next: 0%
Magic:  18/18      EV: 14    Int: 25    God:
Gold:   341        SH:  0    Dex: 16    Spells: 8/16 levels left

rFire    . . .     SeeInvis .   b - +1 hunting sling
rCold    . . .     Gourm    .   (no shield)
rNeg     . . .     Faith    .   F - +0 leather armour {rPois}
rPois    +         Spirit   .   (no helmet)
rElec    .         Reflect  .   s - +2 cloak
rCorr    .         Harm     .   (no gloves)
MR       .....                  (no boots)
Stlth    ++........             (no amulet)
HPRegen  0.21/turn              (no ring)
MPRegen  0.16/turn              (no ring)

@: no status effects
A: high mp 1
a: no special abilities


You were in a bailey.
You were not hungry.

You visited 1 branch of the dungeon, and saw 7 of its levels.
You also visited: Bailey.

You collected 341 gold pieces.

Inventory:

Hand Weapons
 a - a +1 dagger of venom
 b - a +1 hunting sling (weapon)
Missiles
 f - 162 stones (quivered)
 r - 7 poisoned darts
 z - 3 boomerangs
Armour
 h - a +0 ring mail of fire resistance
 i - a +2 large shield
 s - a +2 cloak (worn)
 x - a +0 ring mail of cold resistance
 F - a +0 leather armour of poison resistance (worn)
Jewellery
 m - an uncursed amulet of guardian spirit {unknown}
Wands
 u - a wand of polymorph (10)
 y - a wand of flame (50)
 B - a wand of acid (8)
 G - a wand of iceblast (6)
Scrolls
 e - a scroll of fog
 g - 2 scrolls of enchant weapon
 p - a scroll of identify
 t - a scroll of teleportation
 v - a scroll of fear
 w - 3 scrolls of remove curse
Potions
 d - a potion of invisibility {unknown}
 j - 5 potions of curing
 k - a potion of brilliance
 l - 2 potions of ambrosia
 n - a potion of flight
 o - 4 potions of heal wounds
 q - a potion of experience
Comestibles
 c - 5 rations


   Skills:
 + Level 4.1 Fighting
 + Level 3.8 Armour
 + Level 4.6 Dodging
 - Level 2.0 Stealth
 - Level 4.0 Spellcasting
 + Level 1.7 Conjurations
 - Level 3.0 Charms
 * Level 7.0 Ice Magic


You had 8 spell levels left.
You knew the following spells:

 Your Spells              Type           Power        Failure   Level  Hunger
a - Freeze                Ice            ####         1%          1    None
b - Ozocubu's Armour      Chrm/Ice       ####....     4%          3    ##.....
c - Throw Icicle          Conj/Ice       ####....     19%         4    ####...

Your spell library contained the following spells:

 Spells                   Type           Power        Failure   Level  Hunger
 Throw Frost              Conj/Ice       ####..       3%          2    None
 Summon Ice Beast         Ice/Summ       ###.....     26%         4    ####...


Dungeon Overview and Level Annotations

Branches:
Dungeon (7/15)             Temple (0/1) D:4          Bailey (1/1)

Annotations:
D:3 Grinder
D:5 exclusion: adder


Innate Abilities, Weirdness & Mutations

You have an increased reservoir of magic. (+10% MP)


Message History

The orc warrior shoots a bolt.
The bolt hits you!
Firing (i - inventory. (/) - cycle)
f - 165 stones (quivered)
Press: ? - help, Shift-Dir - straight line, f/p - orc warrior
Aim: an orc warrior, wielding a +0 arbalest and wearing a +0 ring mail (heavily wounded)
You shoot a stone. The stone hits the orc warrior.
The orc warrior is severely wounded.
The orc warrior shoots a bolt.
The bolt barely misses you.
Firing (i - inventory. (/) - cycle)
f - 164 stones (quivered)
Press: ? - help, Shift-Dir - straight line, f/p - orc warrior
Aim: an orc warrior, wielding a +0 arbalest and wearing a +0 ring mail (severely wounded)
You shoot a stone.
The stone closely misses the orc warrior.
The orc warrior shoots a bolt.
The bolt hits you!
Firing (i - inventory. (/) - cycle)
f - 163 stones (quivered)
Press: ? - help, Shift-Dir - straight line, f/p - orc warrior
Aim: an orc warrior, wielding a +0 arbalest and wearing a +0 ring mail (severely wounded)
You shoot a stone.
The stone barely misses the orc warrior.
The orc warrior shoots a bolt.
The bolt hits you!!
You die...

#(.....≈##.∩ #......≈..^(
≈≈≈≈≈ #(.....≈##(##≈≈≈≈≈
#......≈≈#o#≈≈≈≈≈≈≈≈≈≈≈≈≈≈≈
#......≈≈≈≈≈≈≈≈≈≈≈≈≈≈≈≈≈≈≈≈
#(.........................
#(.........................
#..........................
#(........@................
#.........(................
#∩......((((.....(.........
###########################


You could see an orc warrior.

Vanquished Creatures
  Pikel (D:5)
  Eustachio (D:5)
  An orc warrior (Bailey)
  A sky beast (D:5)
  A phantom (D:6)
  4 ogres
  2 centaurs
  A big kobold (D:5)
  An electric eel (D:6)
  2 crimson imps
  A bullfrog zombie (D:7)
  2 hounds (D:5)
  An orc priest (D:6)
  6 orc wizards
  A bullfrog skeleton (D:6)
  Jessica (D:3)
  Natasha (thrice) (D:3)
  4 worker ants
  A hound zombie (D:5)
  A worker ant zombie (D:6)
  A howler monkey skeleton (D:4)
  3 gnolls (D:3)
  8 adders
  2 shadow imps
  An ooze (D:2)
  2 adder skeletons (D:6)
  2 worms
  2 dart slugs (D:1)
  5 leopard geckos
  17 orcs
  2 ball pythons
  7 giant cockroaches
  13 goblins
  10 hobgoblins
  2 jackals (D:6)
  2 quokkas
  12 bats
  2 frilled lizards
  A giant cockroach zombie (D:5)
  12 kobolds
  A quokka skeleton (D:6)
  8 rats
  A bush (D:4)
152 creatures vanquished.

Notes
Turn   | Place    | Note
-------+----------+-------------------------------------------
     0 | D:1      | hazymike the Demigod Ice Elementalist began the quest for
                  | the Orb.
     0 | D:1      | Reached XP level 1. HP: 14/14 MP: 5/5
   300 | D:1      | Reached XP level 2. HP: 20/20 MP: 1/7
   479 | D:1      | Reached skill level 3 in Ice Magic
  1231 | D:2      | Reached XP level 3. HP: 22/27 MP: 5/8
  1340 | D:2      | Found an iron altar of Okawaru.
  1485 | D:2      | Learned a level 3 spell: Ozocubu's Armour
  1700 | D:2      | Reached skill level 1 in Fighting
  1960 | D:2      | Reached XP level 4. HP: 33/35 MP: 5/10
  2268 | D:3      | Found a faded altar of an unknown god.
  2309 | D:3      | Noticed Jessica
  2488 | D:3      | Noticed Natasha
  2490 | D:3      | Killed Natasha
  2737 | D:3      | Noticed Natasha
  2741 | D:3      | Killed Natasha
  2741 | D:3      | Reached skill level 4 in Ice Magic
  2741 | D:3      | Reached XP level 5. HP: 40/40 MP: 8/11
  2764 | D:3      | Killed Jessica
  2764 | D:3      | Reached skill level 1 in Armour
  2764 | D:3      | Reached skill level 1 in Charms
  2827 | D:3      | Noticed Natasha
  3108 | D:3      | Killed Natasha
  3316 | D:3      | Noticed Grinder
  3332 | D:3      | Paralysed by Grinder for 7 turns
  3634 | D:4      | Found a sacrificial altar of Ru.
  3933 | D:4      | Reached XP level 6. HP: 48/48 MP: 3/12
  4205 | D:4      | Found a staircase to the Ecumenical Temple.
  4685 | D:4      | Found a shadowy altar of Dithmenos.
  5153 | D:5      | Entered Level 5 of the Dungeon
  5153 | D:5      | Noticed Eustachio
  5722 | D:5      | Killed Eustachio
  5722 | D:5      | Reached skill level 5 in Ice Magic
  5722 | D:5      | Reached XP level 7. HP: 31/56 MP: 7/14
  5807 | D:5      | Noticed Pikel
  6091 | D:5      | Killed Pikel
  6091 | D:5      | Reached XP level 8. HP: 51/63 MP: 9/16
  6346 | D:5      | Reached skill level 6 in Ice Magic
  6520 | D:5      | Found a white marble altar of Elyvilon.
  6985 | D:6      | Learned a level 4 spell: Throw Icicle
  7056 | D:6      | Reached skill level 1 in Conjurations
  7266 | D:6      | Got a twisted plate armour
  7267 | D:6      | Identified the +2 plate armour "Fomn" {+Inv Regen+} (You
                  | found it on level 6 of the Dungeon)
  7284 | D:6      | Found a bloodstained altar of Trog.
  8158 | D:7      | Found a flagged portal.
  8226 | Bailey   | Entered a bailey
  8816 | Bailey   | Reached skill level 7 in Ice Magic
  8816 | Bailey   | Reached XP level 9. HP: 38/71 MP: 10/18
  9215 | Bailey   | Shot with a bolt by an orc warrior

Levels and vault maps discovered:
D:1:      lemuel_arrival_rhombus, layout_basic, minmay_pentomino_o2
D:2:      minmay_door_path, layout_basic, okawaru_gym_becter, first_ration,
          chequers_serial_rivers_micro_d, minmay_liquid_box
D:3:      layout_basic, chequers_ecumenical_altar_simple, uniq_natasha,
          uniq_jessica, uniq_grinder
D:4:      layout_loops_corners, nicolae_ru_great_annihilating_truth,
          minmay_temple_entry_glassed_door, serial_forest,
          infiniplex_forest_lined_room_2, infiniplex_forest_pool,
          infiniplex_forest_straight_4, infiniplex_forest_split,
          infiniplex_forest_lined_room_3, infiniplex_forest_corner_1,
          grunt_dithmenos_shadows
D:5:      layout_cave_pools, lemuel_crystal_altar, due_unseen_surprise,
          uniq_eustachio, uniq_pikel
D:6:      cheibrodos_helix_gallery, layout_loops_ring, lemuel_crystal_altar
D:7:      layout_basic, serial_shops, kennysheep_little_box, enter_bailey_3,
          kb_xom_exploding_sheep, uniq_crazy_yiuf_cottage, uniq_harold,
          uniq_prince_ribbit1
Bailey:   bailey_polearm_2, bailey

Skill      XL: |  1  2  3  4  5  6  7  8 |
---------------+-------------------------+-----
Dodging        | 2 3 4 |  4.6
Ice Magic      | 3 4 5 7 |  7.0
Stealth        | 2 |  2.0
Spellcasting   | 2 3 4 |  4.0
Fighting       | 1 2 3 4 |  4.1
Armour         | 1 2 3 |  3.8
Charms         | 1 2 3 |  3.0
Conjurations   | 1 |  1.7

Action                   |  1- 3 |  4- 6 |  7- 9 || total
-------------------------+-------+-------+-------++-------
Melee: Dagger            |     2 |    52 |       ||    54
 Fire: Hunting sling     |       |    50 |   202 ||   252
Throw: Stone             |    43 |    81 |       ||   124
 Cast: Freeze            |    58 |   108 |    94 ||   260
       Ozocubu's Armour  |       |       |     2 ||     2
  Use: Scroll            |       |       |    15 ||    15
       Potion            |       |       |     1 ||     1
 Stab: Sleeping          |     2 |     1 |       ||     3
  Eat: Chunk             |     4 |     7 |     6 ||    17
       Ration            |       |     1 |     2 ||     3
Armor: Robe              |     6 |       |       ||     6
       Ring mail         |     3 |    56 |    13 ||    72
       Leather armour    |       |       |    51 ||    51
Dodge: Dodged            |    24 |    88 |   173 ||   285
